AoeStats
← Sodythaek

Arabia

509397916Analyzed
2v2 RM · 7d ago on Sep 26, 2026· 20m 42s· 4 players
Game mode
Random Map
Map size
Medium (4 player)
Population
200
Speed
Normal
Resources
Standard
Victory
Conquest
Starting age
Dark Age
Ending age
Imperial Age
RankedLock teamsTeams togetherTeam positionsShared explorationLock speedFull tech treeHidden civsTurbo modeCheats
Victory
Defeat
🇦🇷 Franks · Argentina
1464
+9
🇦🇷 Vietnamese · Argentina
1254
+18
🇫🇷 Bulgarians · France
1308
-14
🇫🇷 Japanese · France
1291
-13
LvT | The Viejo
5:59 Loom
8:48 Feudal Age
9:16 Man-at-Arms
16:05 Fletching
23:08 Castle Age
KRON ツ
6:18 Loom
8:53 Feudal Age
9:22 Double-Bit Axe
13:53 Wheelbarrow
20:28 Castle Age
18:48 Gold Mining
19:38 Fletching
21:29 Bow Saw
Sodythaek
6:39 Loom
9:43 Feudal Age
11:22 Double-Bit Axe
21:04 Castle Age
20:42 Scale Mail Armor
20:53 Forging
Guizz
7:14 Loom
9:38 Feudal Age
11:49 Double-Bit Axe
22:46 Castle Age
Connection lost

Rejoining the realm…

Still unreachable

The connection could not be restored.

Session expired

The server has moved on; the page needs a fresh start.